[Event "*** Titled Tuesday Blitz"]
[Site "Chess.com"]
[Date "2020.05.05"]
[Round "5"]
[White "TheoSlade"]
[Black "nadirsm"]
[Result "1-0"]
[WhiteElo "2262"]
[BlackElo "2130"]
[TimeControl "180+1"]
[EndTime "10:55:57 PDT"]
[Termination "TheoSlade won by resignation"]

1. d4 d5 2. c4 Bf5 3. cxd5 Bxb1 4. Qa4+ Qd7 5. Qxd7+ Nxd7 6. Rxb1 Ngf6 7. Nf3 Nxd5 8.
e4 N5f6 9. Bd3 e6 10. O-O Be7 11. Bf4 c6 12. Rbc1 O-O 13. Rfd1 Nb6 14. h3 Rfd8 15. Be3 h6 16. Ne5 Nbd7 17. Nxd7 Rxd7 18. Kf1 Rad8 19. Ke2 Bb4 20. Rc4 Ba5 21. Bb1 Bb6 22. Rd2 Ba5 23. b4 Bb6 24. f3 a5 25.
a3 axb4 26. axb4 Ra8 27. Ra2 Rxa2+ 28. Bxa2 Rd8 29. b5 cxb5 30. Rb4 Ne8 31. Kd3 Nd6 32. Bf4 f6 33. Bxe6+ Kf8 34. Bd5 1-0

[Event "*** Titled Tuesday Blitz"]
[Site "Chess.com"]
[Date "2020.05.05"]
[Round "5"]
[White "WeAintSurePal"]
[Black "Arek_pacitan"]
[Result "0-1"]
[WhiteElo "2392"]
[BlackElo "2557"]
[TimeControl "180+1"]
[EndTime "10:55:58 PDT"]
[Termination "Arek_pacitan won by resignation"]

1. d4 Nf6 2. Nf3 e6 3. Bf4 d5 4. e3 Bd6 5. c3 c5 6. Nbd2 Qc7 7. Ne5 Nfd7 8. Ndf3 Nxe5 9. Nxe5 Nd7 10. Bb5 O-O 11. Nxd7 Bxd7 12. Bxd6 Qxd6 13. dxc5 Qc7 14. Bxd7 Qxd7 15.
O-O Qb5 16. b4 a5 17. a3 axb4 18. cxb4 Ra4 19. Qb3 Rfa8 20. Rfc1 g6 21. h3 h5 22.
Re1 Qa6 23. Rec1 Rxa3 24. Rxa3 Qxa3 25. Qxa3 Rxa3 26. b5 Kf8 27. c6 bxc6 28. Rxc6 Rb3 29. b6 Kg7 30. Kf1 Rb2 31. g4 hxg4 32. hxg4 Kf6 33. f4 g5 34. f5 Ke5 35. fxe6 fxe6 36. Ke1 Rb4 37. Kd2 Rxg4 38. Kc3 Rg1 39. Kb4 Rb1+ 40.
Ka5 g4 41. Ka6 g3 42. Rc2 Ke4 43. Rc6 g2 44. Rxe6+ Kf5 0-1

[Event "*** Titled Tuesday Blitz"]
[Site "Chess.com"]
[Date "2020.05.05"]
[Round "5"]
[White "ManuDavid2910"]
[Black "VerdeNotte"]
[Result "1/2-1/2"]
[WhiteElo "2647"]
[BlackElo "2842"]
[TimeControl "180+1"]
[EndTime "10:56:01 PDT"]
[Termination "Game drawn by agreement"]

1. e4 e5 2. Nf3 Nc6 3. Bc4 Nf6 4. O-O Nxe4 5. Qe2 d5 6. Bb5 Bd6 7. c4 Nf6 8. d4 e4 9. cxd5 O-O 10. dxc6 exf3 11.
Qxf3 bxc6 12. Bxc6 Rb8 13. h3 Bd7 14. Nc3 Bxc6 15. Qxc6 h6 16. Rd1 Re8 17. Nb5 Rb6 18. Qc4 Ne4 19. Be3 Qb8 20. a4 a6 21. Nxd6 Nxd6 22.
Qd3 Qb7 23. Rab1 Rb3 24. Qc2 h5 25. Rdc1 Re7 26. Qc6 Rxb2 27. Qxb7 Rxb7 28. Rxb7 Nxb7 29. Bf4 Re4 30. Be3 Re7 31. Bf4 Nd6 32. Bxd6 cxd6 33. Rc6 a5 34. Rxd6 Re1+ 35. Kh2 Ra1 36. Rd5 Rxa4 37.
Rxh5 g6 38. Rb5 1/2-1/2

[Event "*** Titled Tuesday Blitz"]
[Site "Chess.com"]
[Date "2020.05.05"]
[Round "5"]
[White "JonahWillow"]
[Black "RestartingChess"]
[Result "0-1"]
[WhiteElo "2688"]
[BlackElo "2511"]
[TimeControl "180+1"]
[EndTime "10:56:01 PDT"]
[Termination "RestartingChess won by resignation"]

1. e4 d5 2. Nc3 dxe4 3. Nxe4 Nf6 4. Nxf6+ exf6 5. d4 Bf5 6. c3 Bd6 7. Bd3 Qd7 8. Ne2 O-O 9. O-O Nc6 10. Be3 Ne7 11. Ng3 Bxd3 12. Qxd3 Nd5 13. Rae1 Nxe3 14. Rxe3 Rfe8 15.
Rfe1 Rxe3 16. Qxe3 g6 17. Ne4 Kg7 18. Nxd6 Qxd6 19.
Qe7 Rd8 20. g3 Rd7 21. Qxd6 cxd6 22. Re8 d5 23. f4 f5 24. Kf2 Kf6 25. Ke3 Rd6 26.
Kd3 Re6 27. Rd8 Re1 28. Rxd5 Rh1 29. Rd7 Rxh2 30. Rxb7 Rg2 31. d5 Rxg3+ 32. Ke2 h5 33. c4 h4 34. Kf2 Rg4 35. Rb8 Rxf4+ 36. Ke3 Rxc4 37. d6 Ke6 38. Rb7 h3 39. d7 Ke7 40.
Rb8 Kxd7 41. Rh8 Rc2 42. Rxh3 Rxb2 0-1

[Event "*** Titled Tuesday Blitz"]
[Site "Chess.com"]
[Date "2020.05.05"]
[Round "5"]
[White "Opening_Prep"]
[Black "SerGo055"]
[Result "1-0"]
[WhiteElo "2348"]
[BlackElo "2591"]
[TimeControl "180+1"]
[EndTime "10:56:01 PDT"]
[Termination "Opening_Prep won by resignation"]

1. d4 Nf6 2. Nc3 d5 3. Bf4 Bf5 4. e3 c6 5. f3 Qb6 6. Rb1 Nbd7 7. g4 Bg6 8. h4 h6 9. Nge2 e6 10.
Ng3 c5 11. Bd3 Bxd3 12. Qxd3 Rc8 13. a3 Bd6 14. Nce2 cxd4 15. exd4 Bxf4 16. Nxf4 Qc7 17. Qe3 Qxc2 18. O-O O-O 19. g5 hxg5 20. hxg5 Ne8 21.
Rfc1 Qh7 22. g6 Rxc1+ 23. Rxc1 fxg6 24. Qxe6+ Kh8 25. Nxg6+ Qxg6 26. Qxg6 Ndf6 27. Kg2 1-0

[Event "*** Titled Tuesday Blitz"]
[Site "Chess.com"]
[Date "2020.05.05"]
[Round "5"]
[White "harvsp123"]
[Black "Gordima"]
[Result "0-1"]
[WhiteElo "2525"]
[BlackElo "2789"]
[TimeControl "180+1"]
[EndTime "10:56:03 PDT"]
[Termination "Gordima won by resignation"]

1. e4 e5 2. Nf3 Nc6 3. Bb5 Nf6 4. O-O Nxe4 5. d4 Nd6 6. Bxc6 dxc6 7. dxe5 Nf5 8. Qxd8+ Kxd8 9. h3 h5 10. Nc3 Be7 11.
Bf4 Be6 12. Rad1+ Kc8 13. Ng5 Bxg5 14. Bxg5 h4 15. Kh2 b6 16. g4 hxg3+ 17. fxg3 c5 18. g4 Nd4 19. Kg3 Nxc2 20. Nd5 Nd4 21. Nf4 Bxa2 22. Nh5 g6 23. Nf4 a5 24. Bf6 Rh7 25. h4 a4 26. Nh3 Ne6 27. Be7 a3 28. bxa3 Rxa3+ 29. Rf3 Ra4 30. Rdf1 Bd5 31. Re3 Kd7 32.
Bf6 Kc6 33. Rc1 b5 34. Rec3 c4 35. Rd1 b4 36. Rc2 c3 37. Rb1 Be4 0-1

[Event "*** Titled Tuesday Blitz"]
[Site "Chess.com"]
[Date "2020.05.05"]
[Round "5"]
[White "Tsukasa06"]
[Black "Kaponov"]
[Result "1/2-1/2"]
[WhiteElo "2229"]
[BlackElo "2058"]
[TimeControl "180+1"]
[EndTime "10:56:03 PDT"]
[Termination "Game drawn by repetition"]

1. e4 e6 2. d4 d5 3. Nc3 Nf6 4.
e5 Nfd7 5. f4 c5 6. Nf3 Nc6 7.
Ne2 cxd4 8. Nexd4 Bc5 9. c3 Qb6 10. b4 Bxd4 11. Nxd4 Nxd4 12. Qxd4 Qxd4 13. cxd4 Nb6 14.
a4 Bd7 15. b5 Rc8 16. Ba3 Nc4 17. Bb4 f5 18. Bd3 Kf7 19. O-O Rc7 20. Rfc1 Rhc8 21. Kf2 Nb2 22. Rxc7 Rxc7 23. Ke3 Nxd3 24. Kxd3 Rc4 25.
Rb1 Ke8 26. h3 h5 27. Rb2 g6 28. Rb1 Kf7 29. Rb2 Ke8 30. Rb1 Kf7 31. Rb2 Ke8 1/2-1/2

[Event "*** Titled Tuesday Blitz"]
[Site "Chess.com"]
[Date "2020.05.05"]
[Round "5"]
[White "Sanyura"]
[Black "energie73"]
[Result "0-1"]
[WhiteElo "2479"]
[BlackElo "2338"]
[TimeControl "180+1"]
[EndTime "10:56:04 PDT"]
[Termination "energie73 won by resignation"]

1. e4 e5 2. Nf3 Nc6 3. Bb5 a6 4. Ba4 Nf6 5. O-O Be7 6. Re1 b5 7. Bb3 O-O 8. h3 Bb7 9. Nc3 d6 10. a4 b4 11. Nd5 Na5 12. Ba2 Nxd5 13. Bxd5 Bxd5 14. exd5 c5 15. d3 Nb7 16. Nd2 f5 17.
Nc4 Na5 18. f4 Nxc4 19. dxc4 e4 20. b3 Bf6 21. Rb1 Bc3 22. Rf1 Qh4 23. Be3 Rf6 24. Qe2 Rg6 25. Kh1 Rf8 26. Rbd1 Rg3 27. Bf2 Rxh3+ 28.
gxh3 Qxh3+ 29. Kg1 Rf6 30. Bg3 Rg6 31. Rf2 Rxg3+ 32.
Rg2 Bd4+ 33. Rxd4 cxd4 34. Rxg3 Qxg3+ 35. Kh1 Qxf4 36. Qh5 g6 37. Qh3 e3 38. c5 e2 39.
Qh4 Qxh4+ 0-1

[Event "*** Titled Tuesday Blitz"]
[Site "Chess.com"]
[Date "2020.05.05"]
[Round "5"]
[White "Shoytan"]
[Black "eightbyeightchess"]
[Result "1-0"]
[WhiteElo "2580"]
[BlackElo "2407"]
[TimeControl "180+1"]
[EndTime "10:56:05 PDT"]
[Termination "Shoytan won by checkmate"]

1. Nf3 d5 2. c4 c6 3. e3 Nf6 4.
Nc3 g6 5. d4 Bg7 6. Bd3 O-O 7.
O-O a6 8. c5 Bg4 9. h3 Bxf3 10.
gxf3 e5 11. dxe5 Nfd7 12. f4 Nxc5 13. Bc2 Qh4 14. Qg4 Qxg4+ 15. hxg4 a5 16. g5 h6 17. gxh6 Bxh6 18. b3 Nbd7 19. Bb2 b5 20. Kg2 Bg7 21. Rac1 Rfe8 22. Bb1 b4 23. Ne2 a4 24. Nd4 axb3 25.
axb3 Ra6 26. Rh1 Rc8 27. Rh3 Ra5 28. Rch1 Nf8 29. f5 gxf5 30. Nxf5 Ng6 31. Rh7 Ne6 32. Nxg7 Nxg7 33. e6 d4 34. Bxg6 Rg5+ 35. Kf1 Rxg6 36. Rh8# 1-0

[Event "*** Titled Tuesday Blitz"]
[Site "Chess.com"]
[Date "2020.05.05"]
[Round "5"]
[White "TudorAnton"]
[Black "2165149677570"]
[Result "1-0"]
[WhiteElo "2501"]
[BlackElo "2307"]
[TimeControl "180+1"]
[EndTime "10:56:05 PDT"]
[Termination "TudorAnton won by resignation"]

1. c4 e5 2. Nc3 Bb4 3. Qc2 Nc6 4.
e3 Nf6 5. Nf3 O-O 6. a3 Bxc3 7.
Qxc3 d6 8. b3 Bg4 9. Be2 Qd7 10.
Bb2 Rae8 11. h3 Bh5 12. d3 Ne7 13. g4 Bg6 14. e4 c5 15. O-O-O Nc6 16. Nh4 Nd4 17.
Rde1 b5 18. Bd1 bxc4 19. Qxc4 d5 20. exd5 Nxd5 21. Nxg6 hxg6 22. Kb1 Nf4 23. Re3 a5 24. Qxc5 Nd5 25. Rxe5 Rxe5 26. Qxd4 f6 27. f4 Re3 28. b4 Kh7 29. Bb3 Rfe8 30. Bxd5 Qa4 31. f5 Re1+ 32. Rxe1 Rxe1+ 33. Ka2 g5 34. Bb3 Qc6 35.
Qc4 Qf3 36. Qg8+ 1-0

[Event "*** Titled Tuesday Blitz"]
[Site "Chess.com"]
[Date "2020.05.05"]
[Round "5"]
[White "Bagirova"]
[Black "WastefulJustice"]
[Result "0-1"]
[WhiteElo "2189"]
[BlackElo "2362"]
[TimeControl "180+1"]
[EndTime "10:56:06 PDT"]
[Termination "WastefulJustice won by resignation"]

1. d4 Nf6 2. Nf3 d5 3. Bf4 e6 4.
e3 c5 5. c3 Nc6 6. Bd3 Qb6 7.
Qc1 Be7 8. Nbd2 O-O 9. h3 Bd7 10. O-O Rac8 11. a3 cxd4 12. exd4 Na5 13. Rb1 Bb5 14.
Bxb5 Qxb5 15. Qd1 Rc6 16. Re1 Rfc8 17. Ne5 Rb6 18. Qf3 Nb3 19. Nxb3 Qxb3 20. Qd1 Ne4 21.
Qxb3 Rxb3 22. f3 Nd6 23. Nd3 Nc4 24. Kf2 a5 25. Ke2 f6 26. Rec1 Rc6 27. Kd1 Rcb6 28. Kc2 Bxa3 29. Bc7 R6b5 30. Nc5 Bxb2 31. Nxb3 Bxc1 32.
Rxc1 a4 33. Nc5 Rb2+ 34. Kd1 Ne3+ 35. Ke1 Nxg2+ 36. Kd1 Ne3+ 37. Ke1 a3 38. Nd3 Rg2 39. Nf2 Rg1+ 40. Kd2 Nc4+ 41. Kc2 Rxc1+ 42. Kxc1 a2 0-1

[Event "*** Titled Tuesday Blitz"]
[Site "Chess.com"]
[Date "2020.05.05"]
[Round "5"]
[White "WiktoriaPOL"]
[Black "DanielTitichoca"]
[Result "0-1"]
[WhiteElo "2026"]
[BlackElo "2290"]
[TimeControl "180+1"]
[EndTime "10:56:07 PDT"]
[Termination "DanielTitichoca won on time"]

1. c4 e5 2. Nc3 f5 3. d4 exd4 4. Qxd4 Nc6 5. Qd2 Nf6 6. b3 Bb4 7. Bb2 Ne4 8. Qc2 Nd4 9. Qd3 Qf6 10. Rc1 O-O 11. a3 Nxb3 12. axb4 Nxc1 13. Qd5+ Kh8 14. Nd1 c6 15. Qa5 Nb3 16. Qa4 Nd4 17. e3 c5 18.
bxc5 Nxc5 19. Qa2 Nc2+ 20. Kd2 Nb4 21. Qa3 Qb6 22. Bc3 a5 23. Nb2 Ne4+ 0-1

[Event "*** Titled Tuesday Blitz"]
[Site "Chess.com"]
[Date "2020.05.05"]
[Round "5"]
[White "mariofs"]
[Black "HouseOfDurin"]
[Result "1-0"]
[WhiteElo "2157"]
[BlackElo "1990"]
[TimeControl "180+1"]
[EndTime "10:56:07 PDT"]
[Termination "mariofs won on time"]

1. d4 Nf6 2. c4 c5 3. Nf3 cxd4 4. Nxd4 Nc6 5. Nc3 g6 6. e4 d6 7. Be2 Bg7 8. Be3 O-O 9. f4 Qa5 10. O-O Rd8 11. h3 Nxd4 12. Bxd4 e5 13. Be3 Qb4 14.
fxe5 Ne8 15. Nd5 Qxb2 16. Bd4 Qa3 17. Nf6+ Kh8 18. Nxe8 Rxe8 19. exd6 Bxh3 20. Rxf7 Rg8 21. Bf3 Be6 22. Rxg7 Rxg7 23. c5 Kg8 24. Bxg7 Kxg7 25. Qd4+ Kg8 26. e5 Rc8 27. Bd5 Bxd5 28. Qxd5+ Kh8 29.
d7 Rd8 30. Qd4 1-0

[Event "*** Titled Tuesday Blitz"]
[Site "Chess.com"]
[Date "2020.05.05"]
[Round "5"]
[White "emperor87"]
[Black "archess2"]
[Result "1-0"]
[WhiteElo "2567"]
[BlackElo "2261"]
[TimeControl "180+1"]
[EndTime "10:56:08 PDT"]
[Termination "emperor87 won by resignation"]

1. Nf3 d5 2. g3 Nf6 3. Bg2 Bf5 4. O-O c6 5. c4 e6 6. cxd5 cxd5 7. Qb3 Qb6 8. Qxb6 axb6 9. d3 Nc6 10. Nc3 Bb4 11. Bd2 O-O 12. a3 Be7 13. Rac1 Bg4 14. Nb5 Rac8 15.
Be3 Bxf3 16. Bxf3 Ne5 17. Bxb6 Nxf3+ 18. exf3 Nd7 19. Bd4 e5 20. Be3 d4 21. Bd2 Nc5 22. Bb4 b6 23. Bxc5 bxc5 24. b3 Rb8 25. a4 f5 26. Rfe1 Bf6 27. Rxc5 Rfc8 28. Rec1 Rxc5 29.
Rxc5 Kf7 30. Kf1 Ke6 31. Ke2 Be7 32. Rc7 g5 33. h3 h5 34. Rc6+ Kd5 35. Rc4 g4 36.
hxg4 fxg4 37. fxg4 hxg4 38. Rc7 Bd8 39. Rg7 Kc5 40. Rxg4 Kb4 41. Re4 Bf6 42. f4 exf4 43. Nxd4 Kc3 44. Nb5+ Kxb3 45. gxf4 Rh8 46. a5 Rh5 47.
Nd4+ Kc3 48. Nc6 Rc5 49. Rc4+ 1-0

[Event "*** Titled Tuesday Blitz"]
[Site "Chess.com"]
[Date "2020.05.05"]
[Round "5"]
[White "Winehouse83"]
[Black "IAgrest"]
[Result "0-1"]
[WhiteElo "2500"]
[BlackElo "2261"]
[TimeControl "180+1"]
[EndTime "10:56:08 PDT"]
[Termination "IAgrest won on time"]

1. d4 Nf6 2. c4 g6 3. Nc3 Bg7 4. e4 d6 5. f4 O-O 6. Nf3 Na6 7. Bd3 e5 8. fxe5 dxe5 9. d5 Nc5 10. Bc2 a5 11. Be3 Qe7 12. O-O Ng4 13. Bg5 f6 14.
Bd2 f5 15. h3 Nf6 16. exf5 gxf5 17. Qe2 e4 18. Nd4 Ne8 19. Qf2 Nd6 20. b3 Bd7 21.
Rae1 Rae8 22. Bf4 Qf6 23. Ndb5 Nxb5 24. Nxb5 Bxb5 25. Qxc5 Bd7 26. Qxc7 Rf7 27. Qb6 Qxb6+ 0-1

[Event "*** Titled Tuesday Blitz"]
[Site "Chess.com"]
[Date "2020.05.05"]
[Round "5"]
[White "Shukh_Nikolay"]
[Black "mjray79"]
[Result "1-0"]
[WhiteElo "2531"]
[BlackElo "2250"]
[TimeControl "180+1"]
[EndTime "10:56:09 PDT"]
[Termination "Shukh_Nikolay won by checkmate"]

1. e4 e5 2. Nf3 Nc6 3. Bb5 a6 4. Ba4 Nf6 5. O-O Be7 6. Re1 b5 7. Bb3 d6 8. a3 O-O 9. c3 Nb8 10. d4 Nbd7 11. Nbd2 c5 12. Nf1 Qc7 13. Ng3 Re8 14.
Ng5 c4 15. Bc2 Bf8 16. f4 g6 17. f5 Bg7 18. Rf1 Bb7 19. d5 Nc5 20. h3 h6 21.
Nf3 Kh7 22. Be3 Rad8 23. Qe2 Bc8 24. Nh2 a5 25. Rf2 Qb6 26. Raf1 b4 27. axb4 axb4 28. fxg6+ fxg6 29. Rxf6 Bxf6 30. Rxf6 bxc3 31. bxc3 Rf8 32. Qf2 Rxf6 33. Qxf6 Qc7 34. Nf3 Nd7 35. Qf7+ Kh8 36.
Bxh6 Rg8 37. Ng5 Nc5 38. Qxc7 Nxe4 39. Qh7# 1-0

[Event "*** Titled Tuesday Blitz"]
[Site "Chess.com"]
[Date "2020.05.05"]
[Round "5"]
[White "annamaja"]
[Black "Gmedmundo"]
[Result "0-1"]
[WhiteElo "2301"]
[BlackElo "2484"]
[TimeControl "180+1"]
[EndTime "10:56:10 PDT"]
[Termination "Gmedmundo won by resignation"]

1. e4 c5 2. Nf3 d6 3. d4 cxd4 4. Nxd4 Nf6 5. Nc3 Nc6 6. Be3 Ng4 7. Nxc6 bxc6 8. Bc1 Qb6 9. Qf3 g6 10. Be2 Bg7 11.
O-O O-O 12. h3 Ne5 13. Qg3 Ba6 14. Bxa6 Qxa6 15. Bf4 Rab8 16. Rab1 Qa5 17. Rfd1 Nc4 18. b3 Na3 19. Ne2 Nxb1 20. Rxb1 Qxa2 21. Rc1 a5 22. h4 a4 23. bxa4 Qxa4 24. c4 Rb2 25. Nc3 Qb3 26. h5 Rc2 27. Rxc2 Qxc2 28. hxg6 Qxc3 29. gxh7+ Kh8 30.
Qh4 Qe1+ 31. Kh2 Qxe4 32. Qg3 Qxf4 33. Qxf4 Be5 0-1

[Event "*** Titled Tuesday Blitz"]
[Site "Chess.com"]
[Date "2020.05.05"]
[Round "5"]
[White "Susal_De_Silva"]
[Black "Gyapiking"]
[Result "0-1"]
[WhiteElo "2244"]
[BlackElo "2463"]
[TimeControl "180+1"]
[EndTime "10:56:11 PDT"]
[Termination "Gyapiking won by resignation"]

1. e4 Nc6 2. d4 d5 3. c4 dxe4 4.
d5 Ne5 5. Nc3 Nf6 6. Bg5 h6 7.
Bxf6 exf6 8. Nxe4 Bb4+ 9. Nd2 O-O 10. Be2 Re8 11. Kf1 c6 12. a3 Ba5 13. b4 Bc7 14. dxc6 bxc6 15. Ndf3 Ba6 16. Qxd8 Raxd8 17. Rc1 Nxc4 18. g3 Rxe2 19. Nxe2 Nd2+ 20. Nxd2 Rxd2 21. Rxc6 Bxe2+ 22. Ke1 Ra2 23. Rxc7 Bf3 24. Rxa7 Ra1+ 25. Kd2 Rxh1 26. b5 g5 27. a4 Ra1 28. a5 Kg7 29.
b6 g4 30. a6 h5 31. b7 Rb1 32. Ra8 Bxb7 33. Rb8 Be4 34. a7 Ra1 0-1

[Event "*** Titled Tuesday Blitz"]
[Site "Chess.com"]
[Date "2020.05.05"]
[Round "5"]
[White "MrRooke6"]
[Black "pandamaster3000"]
[Result "0-1"]
[WhiteElo "2448"]
[BlackElo "2272"]
[TimeControl "180+1"]
[EndTime "10:56:11 PDT"]
[Termination "pandamaster3000 won by resignation"]

1. e4 c5 2. Nf3 d6 3. d4 cxd4 4.
Nxd4 Nf6 5. Nc3 a6 6. Bg5 Nbd7 7. Bc4 e6 8. Qd2 Qa5 9. a3 h6 10. Bxf6 Nxf6 11. O-O-O Be7 12. f4 Qc7 13. Ba2 O-O 14. Rhe1 b5 15. e5 dxe5 16. fxe5 Nh7 17. Kb1 Bb7 18.
Bxe6 fxe6 19. Nxe6 Qc6 20. Nxf8 Rxf8 21. Qd7 Bc5 22.
Qg4 Bc8 23. e6 Nf6 24. Qf5 Re8 25. Qg6 Bxe6 26. Ne4 Nxe4 27. Rxe4 Ba2+ 28. Kxa2 Qxe4 29. Qxa6 Qc4+ 30. Kb1 Kh7 31. Qc6 Re2 32. Rc1 Be3 33. Qxc4 bxc4 34. Rd1 Rxg2 35. a4 Rxh2 36. a5 Rf2 37.
Rd5 Rf7 38. b4 g5 39. b5 g4 40. b6 g3 41. a6 Bxb6 42. Rd2 Bf2 43. Kb2 g2 0-1

[Event "*** Titled Tuesday Blitz"]
[Site "Chess.com"]
[Date "2020.05.05"]
[Round "5"]
[White "Perimir"]
[Black "WinstonSilvakov"]
[Result "1-0"]
[WhiteElo "2356"]
[BlackElo "2182"]
[TimeControl "180+1"]
[EndTime "10:56:11 PDT"]
[Termination "Perimir won by resignation"]

1. e4 Nf6 2. Nc3 d5 3. e5 Nfd7 4. f4 e6 5. Nf3 c5 6. Bb5 Nc6 7. Bxc6 bxc6 8. d3 Be7 9. O-O O-O 10. Kh1 a5 11. b3 Nb6 12. Qe2 a4 13. Bd2 Bb7 14.
g4 c4 15. f5 Re8 16. bxc4 dxc4 17. Rab1 cxd3 18. cxd3 c5 19. Ne4 Rb8 20. f6 Bxe4 21. Qxe4 gxf6 22. Ba5 fxe5 23. Nxe5 Qc7 24. Rxf7 1-0

[Event "*** Titled Tuesday Blitz"]
[Site "Chess.com"]
[Date "2020.05.05"]
[Round "5"]
[White "LivajaM"]
[Black "Larina_Marija"]
[Result "1-0"]
[WhiteElo "2269"]
[BlackElo "2141"]
[TimeControl "180+1"]
[EndTime "10:56:11 PDT"]
[Termination "LivajaM won by checkmate"]

1. d4 f5 2. g3 Nf6 3. Bg2 g6 4. Nh3 Bg7 5. O-O O-O 6. c4 d6 7. Nc3 e5 8. dxe5 dxe5 9. Qb3 c6 10. Rd1 Qe7 11. Be3 Na6 12. Rd2 Ng4 13. Bg5 Qf7 14. Rad1 Be6 15. Qa3 h6 16. Bd8 Bxc4 17. Rd7 Qe6 18.
b3 Bd5 19. Bxd5 cxd5 20. R1xd5 Nf6 21. R5d6 Raxd8 22. Rxg7+ Kxg7 23. Rxe6 Rc8 24. Re7+ Kg8 25. Nb5 Rfd8 26. Rxb7 Nc5 27. Rc7 Rd1+ 28. Kg2 Rxc7 29. Nxc7 Nfd7 30. Qxa7 e4 31. Nf4 g5 32. Nfe6 Nxe6 33.
Nxe6 Kf7 34. Nd8+ Ke8 35. Nc6 f4 36. Ne5 Nxe5 37. Qb8+ Kf7 38. Qxe5 fxg3 39. hxg3 Rd2 40. Qxe4 Rxa2 41. Qh7+ Kf6 42. Qxh6+ Kf5 43. e3 Kg4 44. Qh3# 1-0

[Event "*** Titled Tuesday Blitz"]
[Site "Chess.com"]
[Date "2020.05.05"]
[Round "5"]
[White "CrushingKings"]
[Black "GoValya"]
[Result "1-0"]
[WhiteElo "2444"]
[BlackElo "2176"]
[TimeControl "180+1"]
[EndTime "10:56:12 PDT"]
[Termination "CrushingKings won by resignation"]

1. e4 e6 2. Nf3 d5 3. Nc3 c5 4. exd5 exd5 5. Bb5+ Nc6 6. O-O Nf6 7. Re1+ Be7 8. d4 O-O 9. h3 a6 10. Bxc6 bxc6 11.
Ne5 Bb7 12. Na4 cxd4 13. Qxd4 Qa5 14. Bd2 Qb5 15. Nd7 Rfe8 16. Rxe7 Rxe7 17. Nxf6+ gxf6 18. Bc3 Re6 19. Nc5 Rae8 20. Nd7 c5 21. Qg4+ Kh8 22. Bxf6+ Rxf6 23. Nxf6 Rf8 24. Qf5 Kg7 25. Qg5+ Kh8 26. Qh6 1-0

[Event "*** Titled Tuesday Blitz"]
[Site "Chess.com"]
[Date "2020.05.05"]
[Round "5"]
[White "hazy13"]
[Black "fabianvivasz"]
[Result "0-1"]
[WhiteElo "2181"]
[BlackElo "2358"]
[TimeControl "180+1"]
[EndTime "10:56:12 PDT"]
[Termination "fabianvivasz won by checkmate"]

1. d4 Nf6 2. c4 g6 3. Nc3 d5 4.
Nf3 Bg7 5. Bf4 O-O 6. e3 c5 7.
dxc5 Ne4 8. Be5 f6 9. cxd5 Nxf2 10. Kxf2 fxe5 11. Bd3 Nd7 12. c6 Nf6 13. Re1 Nxd5 14.
cxb7 Bxb7 15. Bc4 e6 16. Qb3 Rb8 17. Rad1 e4 18. Nxe4 Qh4+ 19. Ng3 Rxf3+ 20. gxf3 Qxh2+ 21. Kf1 Qxg3 22. e4 Rf8 23. Rd3 Nf4 24. Rde3 Qg2# 0-1

[Event "*** Titled Tuesday Blitz"]
[Site "Chess.com"]
[Date "2020.05.05"]
[Round "5"]
[White "Witik"]
[Black "SantoBlue"]
[Result "1-0"]
[WhiteElo "2632"]
[BlackElo "2854"]
[TimeControl "180+1"]
[EndTime "10:56:13 PDT"]
[Termination "Witik won by resignation"]

1. d4 d5 2. c4 c6 3. Nc3 Nf6 4. e3 e6 5. Nf3 Nbd7 6. Bd3 dxc4 7. Bxc4 b5 8. Be2 b4 9. Na4 Bb7 10. O-O c5 11. a3 cxd4 12. Nxd4 Be7 13. axb4 Bxb4 14. b3 O-O 15. Bb2 a5 16. Bf3 Bxf3 17.
Qxf3 Ne5 18. Qe2 Qd5 19. Rfd1 Qe4 20. f3 Qg6 21. Nxe6 Nxf3+ 22. Qxf3 fxe6 23. Bxf6 Qxf6 24. Qxf6 gxf6 25. Nb6 Rad8 26. Nd7 Bc3 27. Nxf8 Rxf8 28. Rac1 Bb4 29. Rd7 Rb8 30. Rcc7 Bf8 31. Rb7 Rc8 32.
Kf2 h5 33. Kf3 Rc5 34. Rb8 Rf5+ 35. Ke2 Rd5 36. Rxd5 exd5 37. Rd8 Kf7 38. Rxd5 h4 39. Rxa5 Bd6 40. Ra6 Bxh2 41. b4 Bg3 42. b5 Ke7 43.
Kf3 Kd7 44. Rxf6 Bc7 45. Rf7+ Kd6 46. Rxc7 Kxc7 47. Kg4 h3 48. gxh3 Kd6 49. Kg5 Ke7 1-0

[Event "*** Titled Tuesday Blitz"]
[Site "Chess.com"]
[Date "2020.05.05"]
[Round "5"]
[White "ozates"]
[Black "TargetA"]
[Result "0-1"]
[WhiteElo "2362"]
[BlackElo "2529"]
[TimeControl "180+1"]
[EndTime "10:56:13 PDT"]
[Termination "TargetA won by resignation"]

1. e4 c5 2. Nf3 e6 3. d4 cxd4 4.
Nxd4 a6 5. c4 Nf6 6. Nc3 Qc7 7.
a3 d6 8. Be2 Be7 9. O-O b6 10.
f3 Bb7 11. Be3 Nbd7 12. Qd2 O-O 13. Rfc1 Rac8 14. a4 Rfd8 15. a5 bxa5 16. Nb3 Qb8 17. Nxa5 Ba8 18. b4 d5 19. cxd5 exd5 20. Bxa6 Ne5 21.
Bxc8 dxe4 22. Qf2 exf3 23. Bh3 fxg2 24. Bf4 Qxb4 25. Ra4 Qxc3 26. Bxe5 Qxc1+ 0-1

[Event "*** Titled Tuesday Blitz"]
[Site "Chess.com"]
[Date "2020.05.05"]
[Round "5"]
[White "pouya21"]
[Black "DenishevM"]
[Result "1-0"]
[WhiteElo "2787"]
[BlackElo "2591"]
[TimeControl "180+1"]
[EndTime "10:56:14 PDT"]
[Termination "pouya21 won by resignation"]

1. d4 Nf6 2. c4 b6 3. f3 Nc6 4. Nc3 e5 5. d5 Ne7 6. e4 Ng6 7. h4 h5 8. Nge2 Bc5 9. a3 a5 10. Na4 Be7 11. Be3 d6 12. g3 Nd7 13.
Bh3 Ba6 14. b3 b5 15. cxb5 Bxb5 16. Rc1 O-O 17. Kf2 Rb8 18. Qc2 Rb7 19. Nb2 Nb6 20. Nc3 Ba6 21. a4 Bxh4 22. gxh4 Qxh4+ 23. Kg1 Qf6 24. Bf5 Nf4 25. Bxf4 exf4 26. Rxh5 g6 27. Qg2 Qd4+ 28. Kh2 Qg7 29. Rg5 Nc8 30. Bxg6 f6 31. Bh7+ 1-0

[Event "*** Titled Tuesday Blitz"]
[Site "Chess.com"]
[Date "2020.05.05"]
[Round "5"]
[White "VALPARAISO37"]
[Black "Astaneh"]
[Result "1-0"]
[WhiteElo "2399"]
[BlackElo "2524"]
[TimeControl "180+1"]
[EndTime "10:56:14 PDT"]
[Termination "VALPARAISO37 won on time"]

1. d4 Nf6 2. c4 e6 3. Nc3 Bb4 4. a3 Bxc3+ 5. bxc3 O-O 6. e3 d5 7. Bd3 c5 8. Ne2 Nc6 9. cxd5 exd5 10. f3 Re8 11.
O-O Ne7 12. Ng3 b6 13. a4 a5 14. Bb5 Bd7 15. Bd3 Qc8 16. Ra2 Nf5 17. Ne2 Nxe3 18. Bxe3 Rxe3 19. Rb2 c4 20. Bc2 Qe8 21. Ng3 Rb8 22. Qd2 g6 23. h3 h5 24. Rfb1 h4 25.
Nf1 Re2 26. Qg5 Kg7 27. Qxh4 Rxc2 28. Rxc2 Bf5 29. Re1 Qxa4 30. Rce2 Qa3 31. Ng3 Bd3 32. Re7 Qxc3 33. Qf4 Rf8 34. Qe5 a4 35. Re3 a3 36.
Nh5+ gxh5 37. Qg5+ Kh7 38. Qxf6 Qc1+ 39. Kh2 Bg6 40.
R3e6 Qh6 41. Rxb6 a2 42. Ra6 Qd2 43. Qxg6+ 1-0

[Event "*** Titled Tuesday Blitz"]
[Site "Chess.com"]
[Date "2020.05.05"]
[Round "5"]
[White "northridgehawk"]
[Black "beatnoguera"]
[Result "1-0"]
[WhiteElo "2280"]
[BlackElo "1844"]
[TimeControl "180+1"]
[EndTime "10:56:15 PDT"]
[Termination "northridgehawk won by checkmate"]

1. e4 e6 2. Nc3 d5 3. Nf3 c5 4. d4 cxd4 5. Nxd4 dxe4 6. Nxe4 a6 7. Bd3 Nf6 8. Nxf6+ Qxf6 9. O-O Be7 10. Nf3 O-O 11. Bg5 Qxb2 12. Bxe7 Re8 13. Rb1 Qxa2 14. Bh4 Nc6 15. Ng5 h6 16. Qh5 e5 17. Qxf7+ Qxf7 18. Nxf7 Kxf7 19. Rfe1 g5 20. Bg3 b5 21. Be4 Bb7 22.
c4 Rab8 23. cxb5 axb5 24. Rxb5 Re7 25. h4 Rc8 26. hxg5 hxg5 27. Bd5+ Kf6 28. Reb1 Ba8 29. Rb6 Rec7 30. Re1 Kf5 31. f3 Nd4 32. Be4+ Bxe4 33. Rxe4 Rc1+ 34. Be1 Nc2 35. g4# 1-0